[Event "*** Titled Tuesday Blitz"]
[Site "Chess.com"]
[Date "2021.03.02"]
[Round "4"]
[White "esapunov"]
[Black "NikolaN98"]
[Result "1-0"]
[WhiteElo "2715"]
[BlackElo "2516"]
[TimeControl "180+1"]
[EndTime "10:40:28 PST"]
[Termination "esapunov won by resignation"]

1. c4 f5 2. Nf3 Nf6 3. Nc3 e6 4. g3 Be7 5. Bg2 O-O 6. O-O d6 7. b4 e5 8. Rb1 Qe8 9. d3 Nc6 10. b5 Nd8 11. a4 Qh5 12. e3 Ne6 13.
Nh4 Ng4 14. h3 Bxh4 15. hxg4 fxg4 16. gxh4 Qxh4 17. Ne4 Bd7 18. f3 g3 19. Nxg3 Qxg3 20. Qe1 Qg6 21. Rb2 Nc5 22. Qe2 Nxd3 23. Rc2 Bh3 24.
Ba3 a6 25. b6 cxb6 26. Kh2 Bxg2 27. Qxg2 Qxg2+ 28. Kxg2 Nc5 29. Rb1 Rf6 30. Rxb6 Raf8 31. Bxc5 dxc5 32. Rxf6 Rxf6 33. Rb2 b6 34. a5 bxa5 35.
Ra2 Kf7 36. Rxa5 Rc6 37. Kg3 Ke6 38. Ra1 Kf5 39. e4+ Ke6 40. Kg4 Kf6 41. Ra2 g6 42.
Ra1 h6 43. Ra2 Rb6 44. Ra5 Rc6 45. Ra2 Ke7 46. Rh2 h5+ 47. Kg5 a5 48. Ra2 Ra6 49. Ra4 Kf7 50. f4 exf4 51. Ra3 a4 52. e5 Ke6 53. Kxf4 g5+ 54. Ke4 h4 55. Rf3 g4 56.
Rf6+ Ke7 57. Rxa6 h3 58. Kf4 h2 59. Rh6 a3 60. Rxh2 g3 61. Ra2 1-0

[Event "*** Titled Tuesday Blitz"]
[Site "Chess.com"]
[Date "2021.03.02"]
[Round "4"]
[White "muchojogo"]
[Black "leejunhyeok"]
[Result "0-1"]
[WhiteElo "2347"]
[BlackElo "2581"]
[TimeControl "180+1"]
[EndTime "10:40:28 PST"]
[Termination "leejunhyeok won by resignation"]

1. e4 c5 2. Nf3 d6 3. d4 cxd4 4. Nxd4 Nf6 5. Nc3 a6 6. Bg5 e6 7.
f4 Be7 8. Qf3 Qc7 9. O-O-O O-O 10. g4 Nc6 11. Nb3 b5 12. Bxf6 Bxf6 13. g5 Bxc3 14.
Qxc3 Bb7 15. Bd3 b4 16. Qd2 a5 17. Kb1 a4 18. Nc1 Rfc8 19. h4 b3 20. cxb3 axb3 21.
Nxb3 Qb6 22. Nc1 Nb4 23. a3 Nxd3 24. Qxd3 d5 25. e5 d4 26. Rhe1 Bd5 27. Ne2 Bc4 28. Qxd4 Qb3 29. Nc3 g6 30. h5 gxh5 31. f5 Rcb8 32. Rd2 exf5 33. e6 Bxe6 34. Kc1 Rc8 35. Re3 Qb7 36. Re1 Rc4 37. Qf6 Rac8 38. Rxe6 fxe6 39.
Qxe6+ Qf7 40. Qe5 f4 41. Kb1 R4c5 42. Qe4 Qf5 43. Qxf5 Rxf5 44. Ne4 f3 45. Rf2 Rcf8 46.
b4 Rf4 47. Nf6+ R8xf6 48. gxf6 Kf7 49. Kc2 Kxf6 50. Kd3 Kg5 51. Ke3 Kg4 52. b5 Ra4 53. Rf1 Rxa3+ 54. Ke4 Rb3 55. Rg1+ Kh3 56. Kf4 f2 57.
Rf1 Kg2 58. Rxf2+ Kxf2 0-1

[Event "*** Titled Tuesday Blitz"]
[Site "Chess.com"]
[Date "2021.03.02"]
[Round "4"]
[White "Fighter008"]
[Black "tigra"]
[Result "1/2-1/2"]
[WhiteElo "2639"]
[BlackElo "2853"]
[TimeControl "180+1"]
[EndTime "10:40:29 PST"]
[Termination "Game drawn - insufficient material"]

1. e4 c6 2. d4 d5 3. e5 g6 4. h4 h5 5. Bg5 Bh6 6. Nc3 Bxg5 7. hxg5 Bg4 8. Be2 Bxe2 9. Ngxe2 e6 10. Qd2 Ne7 11.
g4 Nd7 12. gxh5 gxh5 13. Nf4 h4 14. O-O-O Nf8 15. Qe2 Neg6 16. Qg4 Nxf4 17. Qxf4 Ng6 18. Qg4 Qe7 19. f4 O-O-O 20. Rdf1 Kb8 21. f5 exf5 22. Qxf5 Rh7 23. Ne2 h3 24. Rxh3 Rxh3 25. Qxh3 Qxg5+ 26. Kb1 Qd2 27. Qd3 Qxd3 28. cxd3 Rd7 29. Rf6 Nf8 30. Nf4 Re7 31. Kc2 Kc7 32. Kc3 a5 33. a4 Nh7 34.
Rh6 Ng5 35. Rh8 Ne6 36. Nxe6+ fxe6 37. Rh6 b5 38. b3 Kb6 39. Rg6 Re8 40. Rf6 b4+ 41. Kd2 c5 42. Ke3 Kc6 43. dxc5 Kxc5 44. d4+ Kc6 45. Rh6 Re7 46. Kf4 Kd7 47. Kg5 Rf7 48.
Rf6 Rh7 49. Rh6 Rg7+ 50. Kf6 Rg4 51. Rh7+ Kc6 52. Kxe6 Rxd4 53. Ra7 Kb6 54. Rd7 Rd3 55. Rxd5 Rxb3 56. Kd7 Rc3 57. Rb5+ Ka6 58. e6 Rd3+ 59. Ke8 b3 60. e7 Rd4 61. Rxb3 Rxa4 62. Rd3 Re4 63.
Kd7 Kb5 64. e8=Q Rxe8 65. Kxe8 a4 66. Kd7 Kc4 67. Rd1 Kc3 68. Kc6 a3 69. Kb5 a2 70.
Ka4 Kb2 71. Rh1 a1=N 72. Rxa1 Kxa1 1/2-1/2

[Event "*** Titled Tuesday Blitz"]
[Site "Chess.com"]
[Date "2021.03.02"]
[Round "4"]
[White "johnathan113"]
[Black "anon219"]
[Result "0-1"]
[WhiteElo "2616"]
[BlackElo "2851"]
[TimeControl "180+1"]
[EndTime "10:40:29 PST"]
[Termination "anon219 won on time"]

1. e4 c5 2. Nf3 a6 3. g3 d6 4. Bg2 Nf6 5. Nc3 Nc6 6. h3 e6 7.
O-O Be7 8. d4 cxd4 9. Nxd4 Qc7 10. Nb3 O-O 11. g4 b5 12. g5 Nd7 13. f4 b4 14. Ne2 Bb7 15. h4 a5 16. Be3 Rfe8 17. f5 exf5 18. Rxf5 Nce5 19. Nbd4 Rac8 20. b3 Bf8 21. Qd2 g6 22. Rf4 d5 23. exd5 Nb6 24. Nb5 Qd8 25. d6 Bxg2 26. Kxg2 Nec4 27. Bxb6 Nxd2 28.
Bxd8 Rxe2+ 29. Rf2 Rxf2+ 30. Kxf2 Rxd8 31. Ke3 Bxd6 32. Rd1 Be5 33. Ke2 Bf4 34. Na7 Re8+ 35. Kf2 Be3+ 36.
Kg2 Bxa7 37. Rxd2 Kg7 38. Kf3 Re3+ 39. Kf4 Rc3 40. Re2 h6 41. Kg4 hxg5 42. hxg5 Bb6 43.
Rd2 Bc7 44. Kh4 Bf4 45. Rf2 Be3 46. Re2 f6 47. gxf6+ Kxf6 48. Kg4 g5 49. Kf3 Bf4+ 50.
Kg4 Rg3+ 51. Kh5 Rh3+ 52. Kg4 Rh4+ 53. Kf3 Kf5 54. Re8 Rh3+ 55. Kf2 Rh2+ 56. Kf1 Rxc2 57. Ra8 Rxa2 58. Rc8 Kg4 59. Rc2 Rxc2 0-1

[Event "*** Titled Tuesday Blitz"]
[Site "Chess.com"]
[Date "2021.03.02"]
[Round "4"]
[White "ShimanovAlex"]
[Black "eduardoperalta"]
[Result "1-0"]
[WhiteElo "2803"]
[BlackElo "2535"]
[TimeControl "180+1"]
[EndTime "10:40:29 PST"]
[Termination "ShimanovAlex won on time"]

1. d4 Nf6 2. Bg5 Ne4 3. Bf4 d5 4. e3 g6 5. Bd3 Bg7 6. Nd2 Nxd2 7.
Qxd2 O-O 8. h4 Nd7 9. h5 Nf6 10. hxg6 hxg6 11. Be5 b6 12. Ne2 c5 13. c3 a5 14. f3 a4 15. a3 Ba6 16. Bc2 Bxe2 17. Kxe2 Nd7 18. Bxg7 Kxg7 19. e4 Rh8 20. exd5 cxd4 21.
Qxd4+ Nf6 22. Be4 Qd6 23. Rae1 Qg3 24. Qf2 Qd6 25. Rd1 Ra5 26. Rxh8 Kxh8 27. Qh4+ Kg7 28. Rh1 Nh5 29. Rd1 Rb5 30. Rd2 f5 31. Bb1 Nf6 32. Ba2 Qe5+ 33. Kd1 Nxd5 34. Qxa4 Ne3+ 35. Kc1 f4 36.
Qa8 Rc5 37. Qg8+ Kh6 38. Qf8+ Kg5 39. Kb1 Rb5 40. Ka1 Nf5 41. Rd1 Qe2 42. Rb1 Qxg2 43. Bc4 Ra5 44. Bd3 Qxf3 45. Bxf5 Rxf5 46. Qxe7+ Kg4 47.
Rg1+ Kh3 48. Qe1 Rh5 49. Rxg6 1-0

[Event "*** Titled Tuesday Blitz"]
[Site "Chess.com"]
[Date "2021.03.02"]
[Round "4"]
[White "Trickster_Pony"]
[Black "Schack-Hugo"]
[Result "0-1"]
[WhiteElo "1444"]
[BlackElo "2233"]
[TimeControl "180+1"]
[EndTime "10:40:29 PST"]
[Termination "Schack-Hugo won on time"]

1. c4 c6 2. g3 d5 3. Bg2 Nf6 4. Nf3 Bf5 5. O-O e6 6. cxd5 exd5 7. d4 Nbd7 8. Nc3 Bd6 9. Bg5 h6 10. Bf4 Bxf4 11. gxf4 Ne4 12. Nxe4 Bxe4 13. Ne5 Bxg2 14.
Kxg2 Nxe5 15. fxe5 Qh4 16. Qb3 O-O 17. Rad1 f6 18.
exf6 Rxf6 19. Qg3 Qe4+ 20. f3 Qxe2+ 21. Kh1 Qxb2 22. Rg1 Rf7 23. Rde1 Qc3 24. Ref1 Qxd4 25. Rf2 Raf8 26. Rfg2 Qf6 27. Rf1 Qf4 28. Qxf4 Rxf4 29. Rfg1 R4f7 30. Rg3 Kh7 31. Kg2 Rg8 32. Rb1 g6 33.
Rb4 Rgg7 34. Ra4 a6 35. Rb4 b5 36. Rb3 c5 37. Rc3 c4 38. Rc1 d4 39. Rd1 d3 40.
Kf2 Re7 41. Re1 Rxe1 42. Kxe1 Re7+ 43. Kd2 Re2+ 44. Kc3 Rc2+ 45. Kd4 d2 46. Rg1 Rc1 47. Rg2 d1=Q+ 48. Kc5 Rc2 49. Rg4 Qxf3 50. Rd4 Qe3 0-1

[Event "*** Titled Tuesday Blitz"]
[Site "Chess.com"]
[Date "2021.03.02"]
[Round "4"]
[White "B-man"]
[Black "Aisen1011"]
[Result "0-1"]
[WhiteElo "2541"]
[BlackElo "2239"]
[TimeControl "180+1"]
[EndTime "10:40:30 PST"]
[Termination "Aisen1011 won on time"]

1. e4 e5 2. Nc3 Nc6 3. g3 g6 4. Bg2 Bg7 5. d3 Nge7 6. h4 h5 7. Nh3 d6 8. Ng5 Nd4 9. Be3 Ne6 10. Qd2 Nxg5 11. Bxg5 Be6 12. Nd5 Bxd5 13. exd5 Qd7 14. Bh3 f5 15. c4 c6 16. Bg2 cxd5 17. Bxe7 Kxe7 18. Bxd5 Bh6 19. Qe2 Rab8 20. d4 Kf6 21. dxe5+ dxe5 22. Rd1 Qc7 23. O-O Rhd8 24. Rfe1 e4 25. b4 e3 26. Kg2 Re8 27. fxe3 Rxe3 28. Qb2+ Qe5 29. Qxe5+ Kxe5 30. Rxe3+ Bxe3 31. Re1 Kd4 32. Kf3 Bd2 33. Rd1 Kc3 34. b5 b6 35. Bf7 Kc2 36. Ke2 Bc3 37. Rd7 Rc8 38. Rxa7 Rc5 39. Bd5 Rc8 40. a4 Re8+ 41. Kf3 Bd4 42. Rd7 Re3+ 43.
Kf4 Kc3 44. Rd6 Re1 45. Rxg6 Be5+ 46. Kxf5 Re3 47. Re6 Kd4 48. Rxb6 Bxg3 0-1

[Event "*** Titled Tuesday Blitz"]
[Site "Chess.com"]
[Date "2021.03.02"]
[Round "4"]
[White "kuban1991"]
[Black "A-Fier"]
[Result "1-0"]
[WhiteElo "2949"]
[BlackElo "2778"]
[TimeControl "180+1"]
[EndTime "10:40:31 PST"]
[Termination "kuban1991 won on time"]

1. Nf3 c5 2. g3 Nc6 3. Bg2 g6 4.
O-O Bg7 5. c4 Nf6 6. Nc3 O-O 7. d3 d5 8. cxd5 Nxd5 9. Nxd5 Qxd5 10. Be3 Bxb2 11. Rb1 Bf6 12. Nd4 Qxa2 13. Nxc6 bxc6 14.
Bxc5 Qe6 15. Bf3 Ba6 16. Qa4 Bb5 17. Qa5 h5 18. d4 Rfd8 19. Rfd1 a6 20. e4 h4 21. Qa3 h3 22. e5 Bg5 23. Be4 Bc4 24. f4 Bd5 25. Qf3 Bh6 26. Bxd5 Rxd5 27. g4 Rad8 28. f5 Qd7 29. e6 fxe6 30. fxg6 Rf8 31. Rb8 Rf5 32. Qxh3 Kg7 33. Rxf8 Rxf8 34. g5 Rh8 35.
gxh6+ Rxh6 36. Qf3 Rxg6+ 37. Kh1 e5 38. Rf1 Rf6 39.
Qg3+ Kf7 40. Rxf6+ exf6 41. Qf2 Qd5+ 42. Kg1 Ke6 43.
dxe5 fxe5 44. Be3 a5 45. h4 a4 46. Kh2 a3 47. Bd2 1-0

[Event "*** Titled Tuesday Blitz"]
[Site "Chess.com"]
[Date "2021.03.02"]
[Round "4"]
[White "GM_LOADING"]
[Black "chessdjw"]
[Result "0-1"]
[WhiteElo "2525"]
[BlackElo "2749"]
[TimeControl "180+1"]
[EndTime "10:40:31 PST"]
[Termination "chessdjw won by resignation"]

1. d4 Nf6 2. Nf3 d5 3. c4 e6 4. Bg5 dxc4 5. Nc3 a6 6. a4 Nc6 7. e3 Na5 8. Ne5 h6 9. Bh4 c5 10. dxc5 Qxd1+ 11. Rxd1 Bxc5 12. Bxc4 Nxc4 13. Nxc4 Bd7 14. Nd6+ Ke7 15. Nde4 Bb4 16. Nxf6 gxf6 17. Bxf6+ Kxf6 18. Rxd7 b5 19. axb5 axb5 20. Ke2 Bxc3 21. bxc3 Rhc8 22. Rb7 Ra2+ 23. Kf3 Rb2 24. Rd1 Rxc3 25.
Rdd7 Rcc2 26. Rxf7+ Ke5 27. Kg3 Rd2 28. Rf4 h5 29. h4 Rdc2 30. Rh7 b4 31. Rxh5+ Kd6 32. Rb5 b3 33. Rfb4 Rxf2 34. Rxb3 Rxg2+ 35. Kh3 Rh2+ 36. Kg3 Rbg2+ 37. Kf3 Rf2+ 38. Kg4 Rfg2+ 39. Kh5 Rg3 40. Rd3+ Ke7 41. Rg5 Rgh3 42. Rg4 Kf6 43. Rb3 e5 44.
Rb6+ Kf7 45. Rb5 Rxe3 46. Rg5 Kf6 47. Rb6+ Kf7 48. Rf5+ Ke7 49. Rg5 Re4 50. Rg7+ Kf8 51. Rc7 Rexh4+ 52. Kg5 Rh5+ 53. Kf6 Rh6+ 54. Kf5 Rxb6 0-1

[Event "*** Titled Tuesday Blitz"]
[Site "Chess.com"]
[Date "2021.03.02"]
[Round "4"]
[White "Aygehovit1992"]
[Black "djano"]
[Result "1-0"]
[WhiteElo "2627"]
[BlackElo "2471"]
[TimeControl "180+1"]
[EndTime "10:40:31 PST"]
[Termination "Aygehovit1992 won on time"]

1. e4 c5 2. Nf3 g6 3. h4 h6 4. d4 cxd4 5. Qxd4 Nf6 6. Nc3 Nc6 7. Qa4 d6 8. e5 dxe5 9. Nxe5 Bd7 10. Nxd7 Qxd7 11.
Be3 Bg7 12. Rd1 Qc8 13. h5 g5 14. Bd3 O-O 15. Ne4 Ng4 16. Nc5 Nxe3 17. fxe3 Ne5 18.
Qe4 Nxd3+ 19. Nxd3 Qc7 20. O-O e6 21. c3 Rad8 22. Nf2 Qb6 23. Nd3 Rd5 24. c4 Rd7 25.
b3 Rfd8 26. Nf2 Rxd1 27. Rxd1 Rxd1+ 28. Nxd1 Qa5 29. Kf1 Qd2 30. Qf3 Qxa2 31. Qxb7 Qb1 32. Qa8+ Kh7 33. Qf3 Qxb3 34. Qe2 f5 35. e4 f4 36. e5 Qb1 37. c5 Qf5 38. c6 Qxe5 39. Qc2+ Kg8 40. c7 Qb5+ 41. Ke1 Qb4+ 42. Ke2 Qb5+ 43.
Kf3 Qb7+ 44. Kg4 Qc8 45. Qc6 e5+ 46. Kf3 g4+ 47. Ke4 f3 48. gxf3 gxf3 49. Nf2 Bf8 50.
Kxf3 Qf5+ 51. Ke2 Qxh5+ 52. Kd3 Qf3+ 53. Qxf3 1-0

[Event "*** Titled Tuesday Blitz"]
[Site "Chess.com"]
[Date "2021.03.02"]
[Round "4"]
[White "Moon_stone123"]
[Black "FredyMatsuura"]
[Result "1-0"]
[WhiteElo "2513"]
[BlackElo "2326"]
[TimeControl "180+1"]
[EndTime "10:40:31 PST"]
[Termination "Moon_stone123 won on time"]

1. e4 c5 2. Nf3 d6 3. d4 cxd4 4. Nxd4 Nf6 5. Nc3 e6 6. Bg5 Be7 7. Qd3 a6 8. O-O-O b5 9. a3 Bb7 10. f4 Nbd7 11. Qe3 Qc7 12. Be2 Rc8 13. Bf3 h6 14. Bh4 Nb6 15. Be2 Nc4 16. Bxc4 Qxc4 17. f5 e5 18. Bxf6 Bxf6 19. Nf3 Be7 20. Qd3 O-O 21.
Rhe1 b4 22. Qxc4 Rxc4 23. axb4 Rxb4 24. Nd5 Bxd5 25. Rxd5 Rc8 26. c3 Ra4 27. Kc2 g6 28. g4 Kg7 29. Nd2 Rb8 30. Nb3 Rb6 31. Red1 Rxe4 32.
h3 gxf5 33. gxf5 Rf4 34. Nd2 Rxf5 35. Nc4 Rc6 36. Na5 Rf2+ 37. Kc1 Rb6 38. Nc4 Rc6 39. Na5 Rc8 40. Rg1+ Kf6 41. Rd3 Ke6 42. Kb1 Rb8 43. b4 e4 44. Rd4 d5 45. Nc6 Rb6 46. Nxe7 Kxe7 47. Rxd5 Re6 48. Rgd1 e3 49. Rd7+ Kf6 50. Kc1 e2 51. Re1 Ke5 52. Kd2 Kf6 53. Rd4 1-0

[Event "*** Titled Tuesday Blitz"]
[Site "Chess.com"]
[Date "2021.03.02"]
[Round "4"]
[White "mjray79"]
[Black "Bongcloudtransvestit"]
[Result "1-0"]
[WhiteElo "2473"]
[BlackElo "2299"]
[TimeControl "180+1"]
[EndTime "10:40:31 PST"]
[Termination "mjray79 won on time"]

1. d4 Nf6 2. c4 e6 3. g3 b6 4. Bg2 c6 5. Nc3 Bb7 6. Nf3 d6 7. O-O Nbd7 8. e4 e5 9. Re1 Be7 10. Be3 O-O 11. Qd2 Re8 12. Rad1 Qc7 13. b4 Bf8 14. Rc1 Rad8 15. Qc2 Qb8 16. c5 exd4 17. Bxd4 bxc5 18. bxc5 dxc5 19. Be3 Ne5 20. Rb1 Nxf3+ 21.
Bxf3 Qc8 22. Na4 Nd7 23. Nxc5 Nxc5 24. Bxc5 Bxc5 25. Qxc5 Ba6 26. Qxa7 Rd7 27. Qc5 Bd3 28. Rbc1 Rc7 29. e5 Bb5 30. Re4 Qa6 31. Ra1 Ba4 32.
Be2 Qa8 33. Bc4 Bc2 34. Re2 Bg6 35. a4 h5 36. e6 Rf8 37. a5 h4 38. e7 Re8 39. a6 Ra7 40. g4 Qc8 41. h3 Ra8 42. a7 Qc7 43. Rae1 Qf4 44. Qxc6 Kh7 45. Qxa8 Rxa8 46.
e8=Q Rxa7 47. Qe3 Qc7 48. Bd3 Ra6 49. Bxa6 Qb8 50. Bd3 Bxd3 51. Qxd3+ Kh6 52. Qd4 Qb7 53.
Qe4 Qd7 54. g5+ 1-0

[Event "*** Titled Tuesday Blitz"]
[Site "Chess.com"]
[Date "2021.03.02"]
[Round "4"]
[White "Fortitudine"]
[Black "Agoking701"]
[Result "0-1"]
[WhiteElo "2326"]
[BlackElo "2234"]
[TimeControl "180+1"]
[EndTime "10:40:31 PST"]
[Termination "Agoking701 won on time"]

1. c4 Nf6 2. g3 e5 3. Bg2 Bc5 4. Nc3 O-O 5. d3 Re8 6. a3 c6 7. Nf3 d5 8. Bg5 d4 9. Bxf6 Qxf6 10. Ne4 Qe7 11. Nxc5 Qxc5 12. b4 Qe7 13. O-O Nd7 14. Rc1 Nf6 15. Nd2 a5 16. Qb3 Bg4 17.
Rfe1 axb4 18. axb4 Qe6 19. Ra1 Qf5 20. f3 Qg5 21. Nf1 Bd7 22. Qc2 h5 23. Qd2 Qf5 24. e4 dxe3 25. Nxe3 Qg5 26. Nf1 Qf5 27. Ne3 Qg6 28. Qc3 Rxa1 29. Rxa1 h4 30. g4 Qg5 31. Re1 Qf4 32. Nf1 Nh7 33. Qd2 Qd4+ 34. Qe3 Qd6 35.
c5 Qf6 36. Nd2 Ng5 37. Ne4 Nxe4 38. dxe4 Be6 39. Rd1 Rd8 40. Rxd8+ Qxd8 41. Bf1 Qd1 42. Qe2 Qd4+ 43. Qf2 Qxb4 44. Qxh4 Qxc5+ 45. Kg2 Qc2+ 46. Kg3 Qd2 47. Kh3 Qh6 48. Qxh6 gxh6 49. Kh4 Kg7 50.
Kh5 b5 51. Bd3 b4 0-1

[Event "*** Titled Tuesday Blitz"]
[Site "Chess.com"]
[Date "2021.03.02"]
[Round "4"]
[White "FlySooHigh"]
[Black "zajka-molotok"]
[Result "0-1"]
[WhiteElo "2696"]
[BlackElo "2483"]
[TimeControl "180+1"]
[EndTime "10:40:32 PST"]
[Termination "zajka-molotok won by resignation"]

1. e4 c6 2. c4 d5 3. cxd5 cxd5 4. exd5 Nf6 5. Qa4+ Nbd7 6. Nc3 g6 7. Nf3 Bg7 8.
Bc4 O-O 9. d3 a6 10. Qa3 Re8 11.
O-O Bf8 12. Bg5 h6 13. Bh4 g5 14. Bg3 e6 15. b4 Nb6 16. dxe6 Bxe6 17. Bxe6 Rxe6 18. Qb3 Qxd3 19. Rad1 Qc4 20. Qxc4 Nxc4 21. Nd5 Nxd5 22. Rxd5 Bxb4 23. h4 gxh4 24. Nxh4 b5 25. Nf5 Bf8 26. Rfd1 Rae8 27. Kh2 b4 28.
R1d4 Ne5 29. Ra5 h5 30. Rh4 Ng4+ 31. Kh3 Nf6 32. Rc4 Kh7 33. f3 Kg6 34. Nd4 Rb6 35.
Bc7 Rc8 36. Bxb6 Rxc4 37. Rxa6 Bd6 38. Nb3 Be5 39. Bf2 Kf5 40. Ra5 Nd7 41. Bg3 Ke6 42.
Bf2 f6 43. Ra6+ Kf5 44. Ra5 Ke6 45. Nd2 Rc2 46. Ne4 f5 47. Ng5+ Kf6 48. Bh4 Kg6 49.
Ra6+ Bf6 50. f4 Nc5 51. Nf3 Nxa6 52. Bxf6 Kxf6 53. Nd4 Rxa2 54. g3 Rb2 55. Nb3 Rxb3 0-1

[Event "*** Titled Tuesday Blitz"]
[Site "Chess.com"]
[Date "2021.03.02"]
[Round "4"]
[White "Azde"]
[Black "FMLorneTwitch"]
[Result "0-1"]
[WhiteElo "2439"]
[BlackElo "2451"]
[TimeControl "180+1"]
[EndTime "10:40:33 PST"]
[Termination "FMLorneTwitch won by resignation"]

1. d4 Nf6 2. c4 e6 3. Nf3 Bb4+ 4. Bd2 Qe7 5. g3 b6 6. Bg2 Bb7 7. O-O Bxd2 8. Nbxd2 c5 9. dxc5 Qxc5 10. a3 a5 11. Re1 d6 12. e4 Nbd7 13. Nb3 Qc7 14. Nbd4 Ba6 15. Rc1 O-O 16. Nb5 Bxb5 17. cxb5 Qb8 18. Rc6 Ne8 19. Qd4 Ra7 20. h4 Rc7 21. Rec1 Rxc6 22. bxc6 Nc5 23. Qe3 a4 24. h5 h6 25.
e5 Qc7 26. Nd4 dxe5 27. Nb5 Qe7 28. Rd1 Nc7 29. Nc3 f6 30. Qe2 Rd8 31. Rxd8+ Qxd8 32. Qc4 Qd4 33. Qb4 Qxb4 34. axb4 Nd3 35. Nxa4 b5 36.
Nc3 Nxb4 37. Kf1 Kf7 38. Ke2 Ke7 39. Ke3 Nbd5+ 40. Kd3 Nxc3 41. Kxc3 Kd6 42. Kb4 f5 43. Ka5 e4 44. Kb6 b4 45. b3 e5 46. Bh3 f4 47.
Bg2 e3 48. fxe3 fxe3 49. Bf3 Nd5+ 50. Bxd5 Kxd5 51. c7 e2 52. c8=Q e1=Q 53. Qc6+ Kd4 54. Qc5+ Kd3 55. Qd5+ Kc2 56. Qc4+ Kb2 57. Qf7 Qxg3 58.
Qd5 Qe3+ 59. Ka5 Qd4 60. Qe6 e4 61. Qg6 e3 62. Qg2+ Kc1 63. Qf1+ Kc2 64. Qe2+ Kxb3 65. Qc4+ Qxc4 0-1

[Event "*** Titled Tuesday Blitz"]
[Site "Chess.com"]
[Date "2021.03.02"]
[Round "4"]
[White "Gabix_94"]
[Black "LyonBeast"]
[Result "1/2-1/2"]
[WhiteElo "2815"]
[BlackElo "3107"]
[TimeControl "180+1"]
[EndTime "10:40:34 PST"]
[Termination "Game drawn - insufficient material"]

1. d4 Nf6 2. c4 c5 3. Nf3 cxd4 4. Nxd4 e5 5. Nb5 d5 6. cxd5 Bc5 7. N5c3 O-O 8. g3 e4 9. Bg2 Bf5 10. O-O Nbd7 11. Bf4 Re8 12. Nd2 e3 13. Bxe3 Rxe3 14. fxe3 Ng4 15. Rxf5 Nxe3 16. Qb3 Nxf5+ 17. Kh1 Bb6 18.
Nc4 Bd4 19. e4 Nxg3+ 20. hxg3 Qf6 21. Kh2 Qh6+ 22. Bh3 Nf6 23. Ne2 Bc5 24. Rf1 Nxe4 25.
Nf4 Re8 26. Kg2 Ng5 27. Bg4 Qa6 28. Nd3 Bd4 29. Qc2 b5 30. Nd2 Qg6 31. Nf3 Ne4 32. Nh2 h5 33. Nf4 Qg5 34. Nxh5 Qxd5 35. Bf3 Qg5 36.
Bxe4 Qxh5 37. Nf3 Bb6 38. Rh1 Qg4 39. Bh7+ Kf8 40. Bf5 Qc4 41. Qxc4 bxc4 42. Rh8+ Ke7 43. Rxe8+ Kxe8 44. Kf1 Ke7 45. Ke2 Bc7 46. g4 Kd6 47.
Nd2 Kc5 48. Bc2 Be5 49. b3 c3 50. Ne4+ Kd4 51. Ng5 Bf6 52. Nf3+ Kc5 53. g5 Be7 54. Kd3 Kb4 55. a3+ Kxa3 56. Kxc3 a5 57. Kc4 Kb2 58. Bf5 g6 59. Bd7 f6 60. gxf6 Bxf6 61. Be8 g5 62. Bd7 Be7 63. Bg4 Ka3 64. Ne5 a4 65. bxa4 Kxa4 66. Nc6 Bf6 67. Kd5 Kb5 68. Ke6 Kxc6 69. Kxf6 Kd6 70. Kxg5 1/2-1/2

[Event "*** Titled Tuesday Blitz"]
[Site "Chess.com"]
[Date "2021.03.02"]
[Round "4"]
[White "UmarovSabir"]
[Black "ErikRonka"]
[Result "0-1"]
[WhiteElo "2310"]
[BlackElo "2474"]
[TimeControl "180+1"]
[EndTime "10:40:35 PST"]
[Termination "ErikRonka won on time"]

1. e4 c6 2. d4 d5 3. Bd3 dxe4 4. Bxe4 Nf6 5. Bf3 Bf5 6. Ne2 e6 7. O-O Nbd7 8. Nd2 Bd6 9. Nc4 Bc7 10. h3 O-O 11. c3 h6 12. Re1 Bh7 13. a4 Nb6 14.
Ne5 Bxe5 15. dxe5 Qxd1 16. Rxd1 Nfd5 17. Nd4 Nc4 18. Re1 a5 19. b3 Ncb6 20. Ba3 Rfd8 21. Rac1 Nf4 22. Rcd1 Nbd5 23. Bxd5 cxd5 24. g3 Ng6 25. f4 Nf8 26. Bxf8 Kxf8 27. Kf2 Rac8 28. Nb5 Rc5 29. Rd2 Rdc8 30. Re3 Ke7 31. Ke2 h5 32. Rd4 Bf5 33. h4 Bb1 34. Kd2 Bg6 35. Kc1 Rd8 36. Kb2 f6 37. exf6+ Kxf6 38. Rd2 Be8 39. Rde2 Bd7 40.
Nd4 Re8 41. Re5 g6 42. R2e3 Rc7 43. Nf3 Rec8 44. Ng5 Rc6 45. Nh7+ Kg7 46. Ng5 b5 47. Nf3 bxa4 48. bxa4 Rb6+ 49. Kc2 Bxa4+ 50. Kc1 Bd7 51.
Nd4 Kf6 52. Re2 Rcb8 53. Ra2 a4 0-1

[Event "*** Titled Tuesday Blitz"]
[Site "Chess.com"]
[Date "2021.03.02"]
[Round "4"]
[White "Zemerovv"]
[Black "The_Machine04"]
[Result "1-0"]
[WhiteElo "2282"]
[BlackElo "2423"]
[TimeControl "180+1"]
[EndTime "10:40:35 PST"]
[Termination "Zemerovv won by resignation"]

1. d4 d6 2. Nf3 Nf6 3. Nbd2 Nbd7 4. e3 e5 5. b4 Be7 6. Bb2 exd4 7. exd4 O-O 8. Bd3 c5 9. bxc5 dxc5 10. O-O cxd4 11.
Bxd4 Nb6 12. Ne4 Nxe4 13. Bxe4 Bf6 14. Qd3 g6 15. Rad1 Bxd4 16. Nxd4 Rb8 17. Qg3 Bd7 18. Nf5 Qf6 19. Rd6 Be6 20. Rfd1 Nc4 21. Nh6+ Kg7 22. Ng4 Qb2 23. Rxe6 fxe6 24. Qc7+ Rf7 25. Qxc4 Rbf8 26. Qd4+ Qxd4 27. Rxd4 Rc7 28. Ne3 b6 29. h4 Kf6 30.
f4 Ke7 31. g3 Rc3 32. Kf2 Rfc8 33. Bd3 R3c5 34. Re4 Kf7 35. Kf3 R8c7 36. Ng4 Ke7 37. Ne5 b5 38. Rd4 a6 39. h5 a5 40. hxg6 hxg6 41.
Nxg6+ Kf6 42. Ne5 b4 43. g4 Ke7 44. g5 Rxc2 45. Bxc2 Rxc2 46. Rd7+ Ke8 47. g6 Rc3+ 48. Ke4 Rc1 49. g7 Rg1 50. Ra7 a4 51. Rxa4 Ke7 52.
Rxb4 Rxg7 53. Rb7+ Kf6 54. Rxg7 Kxg7 55. f5 Kf6 56. a4 exf5+ 57. Kd5 f4 58. Nf3 Ke7 59.
Kc6 Ke6 60. a5 Kf5 61. a6 Ke4 62. Ng5+ Ke3 63. a7 f3 64. Nxf3 Kxf3 65. a8=Q Ke3 66. Qa3+ Ke4 67. Kc5 1-0

[Event "*** Titled Tuesday Blitz"]
[Site "Chess.com"]
[Date "2021.03.02"]
[Round "4"]
[White "Matensien"]
[Black "Firegrizzly"]
[Result "0-1"]
[WhiteElo "2495"]
[BlackElo "2671"]
[TimeControl "180+1"]
[EndTime "10:40:36 PST"]
[Termination "Firegrizzly won on time"]

1. Nf3 Nf6 2. c4 g6 3. d4 Bg7 4. Nc3 O-O 5. e4 d6 6. Be2 c5 7. O-O Nc6 8. d5 Na5 9. h3 e5 10.
Ne1 Bd7 11. f4 exf4 12. Bxf4 Qe7 13. Nf3 Nxe4 14. Nxe4 Qxe4 15. Bxd6 Nxc4 16. Bxc4 Qxc4 17. Bxf8 Rxf8 18. Qb3 Qxb3 19. axb3 a6 20. Rf2 Rd8 21. Rd1 Bf5 22. Re2 Kf8 23. g4 Bd7 24. Kg2 Bb5 25. Rc2 b6 26. Ng5 h6 27. Ne4 Re8 28.
Nd6 Rd8 29. Nxb5 axb5 30. Re2 Bd4 31. Ra1 Rxd5 32. Ra8+ Kg7 33. Rb8 Rd6 34. Rb7 Rf6 35. Rd7 b4 36. Rb7 g5 37. Rd7 Kg6 38. Rb7 h5 39.
gxh5+ Kxh5 40. Kg3 Kg6 41. Rd7 Kg7 42. Rd5 Kg6 43. Rd8 Rf5 44. Rg8+ Kf6 45. Rge8 Be5+ 46.
Kg2 Bd4 47. R8e4 Kg6 48. Rg4 Rd5 49. Rg3 Kh5 50. Rf3 f5 51. Re8 Bxb2 52. Rh8+ Kg6 53.
Rg8+ Kf6 54. Re8 Rd2+ 55. Rf2 Rxf2+ 56. Kxf2 Bd4+ 57. Ke2 c4 58. bxc4 b3 59. Kd2 b2 60.
Kc2 f4 61. Rd8 Ke5 62. Re8+ Kf5 63. Rg8 f3 64. Rf8+ Ke4 65. Kb1 f2 66. Rf7 Ke3 67. Rf8 Ke2 68. Re8+ Be3 69. Rf8 Bf4 0-1

[Event "*** Titled Tuesday Blitz"]
[Site "Chess.com"]
[Date "2021.03.02"]
[Round "4"]
[White "Rytenko_V"]
[Black "chessablanca"]
[Result "0-1"]
[WhiteElo "2381"]
[BlackElo "2602"]
[TimeControl "180+1"]
[EndTime "10:40:36 PST"]
[Termination "chessablanca won by resignation"]

1. d4 Nf6 2. c4 e6 3. Nc3 Bb4 4. Bd2 O-O 5. Nf3 d6 6. a3 Bxc3 7.
Bxc3 Nbd7 8. e3 b6 9. Be2 Bb7 10.
O-O Ne4 11. Qc2 f5 12. Nd2 Nxc3 13. Qxc3 Qg5 14. Bf3 Bxf3 15. Nxf3 Qf6 16. Rfe1 Rae8 17. e4 e5 18. dxe5 dxe5 19. exf5 Qxf5 20. Qe3 e4 21.
Nd4 Qf7 22. b3 Ne5 23. h3 c5 24. Nb5 Qf6 25. Rad1 Nd3 26. Re2 Re7 27. f3 Nf4 28.
Rf2 Qg6 29. fxe4 Rxe4 30. Qf3 Ne2+ 31. Qxe2 Rxe2 32. Rxe2 h6 33. Rde1 Qd3 34. Re3 Qd2 35. R3e2 Qf4 36. Re3 a6 37. Nc3 Qd4 38. Kh1 Qf4 39. Nd5 Qd6 40. Ne7+ Kh7 41. Nd5 b5 42. Re7 Qg3 43. R7e3 Qg5 44. Re5 Qd2 45. R5e2 Qa5 46. Re7 Qxa3 47. R7e3 bxc4 48. bxc4 Qa4 49. R1e2 Qxc4 50.
Ne7 Rf7 51. Nc6 Qb5 52. Ne5 Re7 53. Kh2 a5 54. g3 a4 55. g4 Qa5 56. g5 a3 57. g6+ Kh8 58. Rf2 Qd8 59. Nf7+ Rxf7 60. Rf6 Rxf6 61. Re8+ Qxe8 0-1